 Dungeon Crawl Stone Soup version 0.24.0-13-gcf9b319 (webtiles) character file.

Game seed: 14487342313476933049, levelgen mode: deterministic

56 Bronimir the Digger (level 3, -3/28 HPs)
             Began as a Deep Dwarf Earth Elementalist on Apr 22, 2020.
             Killed from afar by an orc wizard (8 damage)
             ... with a magic dart
             ... on level 3 of the Dungeon.
             The game lasted 00:05:58 (1172 turns).

Bronimir the Digger (Deep Dwarf Earth Elementalist) Turns: 1172, Time: 00:05:59

Health: -3/28      AC:  5    Str: 11    XL:     3   Next: 69%
Magic:  1/5        EV: 13    Int: 16    God:
Gold:   88         SH:  0    Dex: 13    Spells: 3/6 levels left

rFire    . . .     SeeInvis +   l - -3 hand axe (curse)
rCold    . . .     Gourm    .   (no shield)
rNeg     . . .     Faith    .   c - +0 robe
rPois    .         Spirit   .   (no helmet)
rElec    .         Reflect  .   a - scarf {repulsion}
rCorr    .         Harm     .   (no gloves)
MR       .....                  i - +2 pair of boots
Stlth    ++........             (no amulet)
HPRegen  0.00/turn              g - ring of see invisible
MPRegen  0.09/turn              (no ring)

@: non-regenerating, repel missiles
A: damage resistance, heal wounds, sense surroundings 1, no regeneration
a: Heal Wounds


You were on level 3 of the Dungeon.
You were not hungry.

You visited 1 branch of the dungeon, and saw 3 of its levels.

You collected 88 gold pieces.

Inventory:

Hand Weapons
 e - a +0 club
 l - a cursed -3 hand axe (weapon)
Missiles
 b - 3 stones (quivered)
Armour
 a - a scarf of repulsion (worn)
 c - a +0 robe (worn)
 i - a +2 pair of boots (worn)
Jewellery
 g - a ring of see invisible (left hand)
Scrolls
 h - a scroll of remove curse {unknown}
 j - 2 scrolls of identify
Potions
 k - a potion of magic
Comestibles
 d - 3 rations
 f - 2 chunks of flesh


   Skills:
 + Level 0.2 Fighting
 * Level 0.5 Axes
 * Level 1.2 Armour
 + Level 2.5 Dodging
 - Level 2.4 Stealth
 * Level 2.3 Spellcasting
 + Level 0.8 Transmutations
 * Level 5.0 Earth Magic


You had 3 spell levels left.
You knew the following spells:

 Your Spells              Type           Power        Failure   Level  Hunger
a - Sandblast             Erth           ###...       2%          1    #......
b - Passwall              Tmut/Erth      ##......     9%          2    ###....

Your spell library contained the following spells:

 Spells                   Type           Power        Failure   Level  Hunger
 Stone Arrow              Conj/Erth      #.....       22%         3    ###....
 Petrify                  Tmut/Erth      ##......     52%         4    #####..
 Lee's Rapid Deconstruct  Erth           ###.......   58%         5    ######.


Dungeon Overview and Level Annotations

Branches:
Dungeon (2/15)

Altars:


Innate Abilities, Weirdness & Mutations

You are resistant to damage.
You can heal yourself by infusing magical energy.
You passively map a small area around you.
You do not regenerate.


Message History

The orc wizard is severely wounded.
The orc wizard closely misses you.
You hit the orc wizard but do no damage.
The orc wizard is severely wounded.
The orc wizard mumbles some strange words.
The orc wizard flickers and vanishes for a moment.
The orc wizard barely misses you.
You hit the orc wizard but do no damage.
The orc wizard is severely wounded.
The orc wizard hits you but does no damage.
The orc wizard casts a spell at you.
The puff of frost is repelled.
You hit the orc wizard but do no damage.
The orc wizard is severely wounded.
The orc wizard closely misses you. The orc wizard completely misses you.
You closely miss the orc wizard.
The orc wizard is severely wounded.
The orc wizard casts a spell at you. The magic dart hits you!
You die...

* , , , , , ,*, , .
* , , , , .. ###
########## a# , #@#
#......#.#.# , * #o#
#...[......# ,, ##)#
#.!.....# * * #>)#
#.......###* *
##.####..........# ,
#..###......####....
* ##รท##......###
*,...
#........###### ,..
#####.#.............
.


You could see an orc wizard (invisible).

Vanquished Creatures
  A worker ant (D:3)
  An adder (D:3)
  A worm (D:3)
  2 leopard geckos (D:3)
  2 orcs (D:3)
  2 bats
  2 goblins
  2 hobgoblins (D:1)
  2 frilled lizards
  2 rats (D:3)
17 creatures vanquished.

Notes
Turn   | Place    | Note
-------+----------+-------------------------------------------
     0 | D:1      | Bronimir the Deep Dwarf Earth Elementalist began the quest
                  | for the Orb.
     0 | D:1      | Reached XP level 1. HP: 15/15 MP: 3/3
   830 | D:2      | Reached skill level 1 in Armour
   903 | D:2      | Reached XP level 2. HP: 22/22 MP: 1/4
   939 | D:2      | Learned a level 2 spell: Passwall
   960 | D:2      | You fall into a shaft and drop 1 floor!
  1008 | D:3      | Reached XP level 3. HP: 6/28 MP: 0/6
  1012 | D:3      | HP: 1/28 [leopard gecko (3)]
  1024 | D:3      | Reached skill level 5 in Earth Magic
  1172 | D:3      | Killed from afar by an orc wizard

Levels and vault maps discovered:
D:1:      dpeg_arrival_arbitrary_b, layout_basic
D:2:      layout_basic
D:3:      layout_rooms, lemuel_coloured_pillars_altar, first_ration,
          serial_glass, glass_columns_a, glass_columns_c,
          mrwooster_statue_mirror

Skill      XL: |  1  2  3 |
---------------+----------+-----
Armour         | 1 |  1.2
Spellcasting   | 2 |  2.3
Earth Magic    | 5 |  5.0
Fighting       | |  0.2
Axes           | |  0.5
Dodging        | |  2.5
Stealth        | |  2.4
Transmutations | |  0.8

Action                   || total
-------------------------++-------
Melee: Club              ||     5
       Hand axe          ||    40
 Cast: Sandblast         ||    27
 Abil: Heal Wounds       ||     2
  Use: Scroll            ||     3
 Stab: Sleeping          ||     1
  Eat: Chunk             ||     1
Armor: Robe              ||    14
Dodge: Dodged            ||    44
       Deflected         ||     1
